 Dungeon Crawl Stone Soup version 0.24-a0-201-gf205589 (webtiles) character file.

Game seed: 1824616253337674062

63 Borgoz the Cutter (level 4, -5/29 HPs)
             Began as a Halfling Gladiator on Mar 24, 2019.
             Slain by Natasha (8 damage)
             ... on level 2 of the Dungeon.
             The game lasted 00:01:48 (1218 turns).

Borgoz the Cutter (Halfling Gladiator)              Turns: 1218, Time: 00:01:50

Health: -5/29      AC:  4    Str: 12 (15) XL:     4   Next: 31%
Magic:  4/4        EV: 16    Int:  6 (7)  God:
Gold:   66         SH:  0    Dex: 15 (17) Spells: 3/3 levels left

rFire    . . .     SeeInvis .   a - +0 rapier
rCold    . . .     Gourm    .   (shield restricted)
rNeg     . . .     Faith    .   b - +0 leather armour
rPois    .         Spirit   .   h - +0 helmet
rElec    .         Reflect  .   (no cloak)
rCorr    .         Harm     .   (no gloves)
MR       .....                  (no boots)
Stlth    ++........             (no amulet)
HPRegen  0.09/turn              (no ring)
MPRegen  0.09/turn              (no ring)

@: slowed, very slow
A: small, agile 1, mutation resistance 1
a: no special abilities


You were on level 2 of the Dungeon.
You were not hungry.

You visited 1 branch of the dungeon, and saw 2 of its levels.

You collected 66 gold pieces.

Inventory:

Hand Weapons
 a - a +0 rapier (weapon)
Missiles
 d - 3 throwing nets (quivered)
 l - 8 poisoned needles
Armour
 b - a +0 leather armour (worn)
 h - a +0 helmet (worn)
Jewellery
 k - an uncursed amulet of regeneration {unknown}
Potions
 i - a potion of heal wounds {unknown}
Comestibles
 f - 2 rations
 g - 6 chunks of flesh


   Skills:
 + Level 2.1 Fighting
 * Level 4.1 Short Blades
 + Level 2.3 Throwing
 * Level 1.6 Armour
 * Level 3.9 Dodging
 + Level 1.0 Stealth


You had 3 spell levels left.
You didn't know any spells.
Your spell library was empty.

Dungeon Overview and Level Annotations

Branches:
Dungeon (2/15)

Altars:

Annotations:
D:2 Natasha


Innate Abilities, Weirdness & Mutations

You are small and have problems with some larger weapons.
You are somewhat resistant to further mutation.
You are agile. (Dex +2)


Message History

The magic dart hits you.
You barely miss Natasha.
Natasha is heavily wounded.
Natasha claws you!
The white imp hits you but does no damage.
The white imp barely misses you. Natasha claws you!
* * * LOW HITPOINT WARNING * * *
You are too injured to fight recklessly!
It was a potion of degeneration.
There was something very wrong with that liquid.
You feel weakened.
You feel dopey.
You feel clumsy.
The white imp hits you but does no damage.
Natasha closely misses you.
It was a potion of mutation.
You feel extremely strange.
You feel agile. Natasha closely misses you. The white imp closely misses you.
Natasha wildly gestures.
Natasha shimmers violently.
Natasha claws you!
You die...

.##.###### #.#....#
###.# #......# ##.##
#......## #...# #...(..
#...# #††.# #...# #.#
#...# #.# ##...######
###.# ..........##
#.5@####...
........)..###.?.h......
...................##...
##...###...............
#...# #.............##
#...# #.....#.......#
#...# ##...##......##
#... ####.......#.. ##
.##.##.....


You could see Natasha and a white imp.

Vanquished Creatures
  Natasha (D:2)
  An adder (D:2)
  A dart slug (D:1)
  A leopard gecko (D:1)
  5 bats
  5 goblins
  4 hobgoblins
  A ball python (D:1)
  2 frilled lizards
  A kobold (D:1)
  7 rats
29 creatures vanquished.

Notes
Turn   | Place    | Note
-------+----------+-------------------------------------------
     0 | D:1      | Borgoz the Halfling Gladiator began the quest for the Orb.
     0 | D:1      | Reached XP level 1. HP: 14/14 MP: 1/1
   200 | D:1      | Reached XP level 2. HP: 19/19 MP: 2/2
   423 | D:1      | Reached skill level 1 in Armour
   509 | D:1      | Reached XP level 3. HP: 23/24 MP: 3/3
   791 | D:2      | Noticed Natasha
   802 | D:2      | Killed Natasha
   802 | D:2      | Reached skill level 4 in Short Blades
   886 | D:2      | Reached XP level 4. HP: 17/29 MP: 4/4
  1037 | D:2      | Reached skill level 1 in Stealth
  1204 | D:2      | Noticed Natasha
  1218 | D:2      | Gained mutation: You are agile. (Dex +2) [potion of
                  | mutation]
  1218 | D:2      | Slain by Natasha

Levels and vault maps discovered:
D:1:      psy_arrival_fountain, layout_basic
D:2:      layout_loops_cross, uniq_sigmund, uniq_natasha

Skill      XL: |  1  2  3  4 |
---------------+-------------+-----
Armour         | 1 |  1.6
Fighting       | 2 |  2.1
Short Blades   | 4 |  4.1
Stealth        | 1 |  1.0
Throwing       | |  2.3
Dodging        | |  3.9

Action                   |  1- 3 |  4- 6 || total
-------------------------+-------+-------++-------
Melee: Rapier            |    86 |    45 ||   131
  Use: Scroll            |     3 |       ||     3
       Potion            |       |     2 ||     2
  Eat: Chunk             |       |     1 ||     1
Armor: Leather armour    |    18 |    10 ||    28
Dodge: Dodged            |    57 |    45 ||   102

Table legend:
 A = Non-vault XP
 B = Vault XP
 C = Vault XP percentage of total XP
 D = Non-vault monster count
 E = Vault monster count
 F = Vault count percentage of total count
                 A         B        C        D         E       F
            +---------+---------+-------+---------+---------+-------
      Total |      56 |      35 |  38.5 |      28 |       1 |   3.4
            +---------+---------+-------+---------+---------+-------
        D:1 |      31 |       0 |   0.0 |      19 |       0 |   0.0
        D:2 |      25 |      35 |  58.3 |       9 |       1 |  10.0
            +---------+---------+-------+---------+---------+-------
